 Dungeon Crawl Stone Soup version 0.20.1-1-g8b1a95d (webtiles) character file.

108 Irenicus the Insei (level 4, -4/31 HPs)
             Began as an Octopode Chaos Knight on Oct 18, 2017.
             Slain by an orc
             ... wielding a +0 flail
              (6 damage)
             ... on level 3 of the Dungeon.
             The game lasted 00:03:27 (1911 turns).

Irenicus the Insei (Octopode Chaos Knight)          Turns: 1911, Time: 00:03:28

Health: -4/31      AC:  1    Str:  7    XL:     4   Next: 87%
Magic:  4/4        EV: 14    Int: 14    God:    Xom [......]
Gold:   75         SH:  0    Dex: 12    Spells: 3/3 levels left

rFire    . . .     SeeInvis .     - Unarmed
rCold    . . .     Gourm    .   (no shield)
rNeg     . . .     Faith    .   (helmet restricted)
rPois    .         Spirit   .   (no amulet)
rElec    .         Reflect  .   k - +1 ring of evasion
rCorr    .         Harm     .   (no ring)
MR       .....                  (no ring)
Stlth    ++........             (no ring)
Regen    0.1/turn               (no ring)
MPRegen  0.1/turn               (no ring)
                                (no ring)
                                (no ring)

@: drained
A: almost no armour, stealthy swim, amphibious, 8 rings, constrict 8, camouflage
1, weak 2, gelatinous body 1
a: Renounce Religion


You were on level 3 of the Dungeon.
You worshipped Xom.
You were a very special plaything of Xom.
You were not hungry.

You visited 1 branch of the dungeon, and saw 3 of its levels.

You collected 75 gold pieces.

Inventory:

Missiles
 e - 2 tomahawks (quivered)
Jewellery
 k - a +1 ring of evasion (left tentacle)
Scrolls
 b - a scroll of random uselessness {unknown}
 c - 2 scrolls of remove curse {unknown}
 f - a scroll of enchant weapon {unknown}
 g - a scroll of fear {unknown}
 j - 3 scrolls of enchant armour {unknown}
 m - a scroll of magic mapping {unknown}
 o - a scroll of blinking {unknown}
Potions
 d - a potion of heal wounds
 h - a potion of curing
 i - 2 potions of lignification
 p - a potion of mutation {unknown}
 q - a potion of might {unknown}
Books
 l - a book of Minor Magic

   Spells                             Type                      Level
   a - Magic Dart                     Conjuration                  1
   b - Blink                          Translocation                2
   c - Call Imp                       Summoning                    2
   d - Slow                           Hexes                        2
   e - Conjure Flame                  Conjuration/Fire             3
   f - Mephitic Cloud                 Conjuration/Poison/Air       3
Comestibles
 a - 2 bread rations
 n - 2 meat rations
 r - 2 chunks of flesh
 s - 3 fruits


   Skills:
 - Level 3.0(2.7) Fighting
 - Level 2.3(2.0) Dodging
 + Level 5.4(5.1) Unarmed Combat


You had 3 spell levels left.
You didn't know any spells.

Dungeon Overview and Level Annotations

Branches:
Dungeon (3/15)

Altars:


Innate Abilities, Weirdness & Mutations

You cannot wear most types of armour.
You are very stealthy in the water. (Stealth+)
You are amphibious.
You can wear up to eight rings at the same time.
You can use your tentacles to constrict eight enemies at once.
Your skin changes colour to match your surroundings (Stealth+).
Your rubbery body absorbs attacks. (AC +1, EV +1)
You are very weak. (Str -4)


Message History

You barely miss the orc. You grab the orc. You constrict the orc.
The orc shouts!
The orc completely misses you.
You tentacle-slap the orc but do no damage.
The orc is lightly wounded.
You constrict the orc. The orc hits you with a hand axe.
You tentacle-slap the orc.
You kill the orc!
The orc hits you but does no damage.
Things that are here:
a hand axe; a leather armour You barely miss the orc.
You grab the orc.
You constrict the orc, but do no damage.
The orc hits you from afar with a trident of protection!
* * * LOW HITPOINT WARNING * * *
You release your grip on the orc.
You barely miss the orc. You grab the orc.
You constrict the orc, but do no damage.
The orc hits you with a flail.
You die...

#. #. #.### ## #
... . .. #.#
.#..###.
#####.##........
#...@..........
#.##.###o.###..?#
#.?...o)........##.
####.##............
?###..#.##.##.
......#.##.#
####.......#
###...### # #...#
.#


You could see an orc.

Vanquished Creatures
  2 orc wizards (D:3)
  An ooze (D:1)
  A dart slug (D:1)
  A leopard gecko (D:1)
  4 orcs (D:3)
  3 bats (D:1)
  3 giant cockroaches
  5 goblins
  3 hobgoblins (D:1)
  2 jackals (D:1)
  5 kobolds
  5 frilled lizards
  6 rats
41 creatures vanquished.

Notes
Turn   | Place    | Note
-------+----------+-------------------------------------------
     0 | D:1      | Irenicus the Octopode Chaos Knight began the quest for the Orb.
     0 | D:1      | Reached XP level 1. HP: 16/16 MP: 1/1
    64 | D:1      | XOM: mild Summ miscast
   232 | D:1      | XOM: butterfly on damage
   234 | D:1      | Reached XP level 2. HP: 8/21 MP: 2/2
   440 | D:1      | XOM: draining
   456 | D:1      | XOM: noise
   681 | D:1      | XOM is BORED!
   681 | D:1      | XOM: give mutation
   681 | D:1      | Gained mutation: You are weak. (Str -2) [Xom's mischief]
   878 | D:1      | XOM: give mutations
   878 | D:1      | Gained mutation: You are frail. (-10% HP) [Xom's mischief]
   878 | D:1      | Gained mutation: You are very weak. (Str -4) [Xom's mischief]
   878 | D:1      | Lost mutation: You are frail. (-10% HP) [Xom's mischief]
  1080 | D:1      | Reached skill level 4 in Unarmed Combat
  1094 | D:1      | XOM: blink monster(s)
  1099 | D:1      | Reached XP level 3. HP: 2/26 MP: 3/3
  1842 | D:3      | XOM: blink monster(s)
  1846 | D:3      | XOM: confusion
  1849 | D:3      | Reached XP level 4. HP: 26/31 MP: 4/4
  1855 | D:3      | Reached skill level 5 in Unarmed Combat
  1911 | D:3      | Slain by an orc

Skill      XL: |  1  2  3  4 |
---------------+-------------+-----
Unarmed Combat | 4 5 |  5.4
Fighting       | |  3.0
Dodging        | |  2.3

Action                   |  1- 3 |  4- 6 || total
-------------------------+-------+-------++-------
Melee: Unarmed           |    95 |    16 ||   111
       Constrict         |    24 |     3 ||    27
       Tentacles         |    12 |       ||    12
       Punch             |     1 |     1 ||     2
Throw: Tomahawk          |     3 |       ||     3
  Use: Potion            |     3 |       ||     3
 Stab: Sleeping          |     7 |       ||     7
  Eat: Chunk             |     2 |     1 ||     3
Armor: Skin              |     8 |    21 ||    29
Dodge: Dodged            |    60 |     3 ||    63
